 Dungeon Crawl Stone Soup version 0.25-a0-565-g8875c97ebb (webtiles) character file.

Game seed: 13436176326917165995, levelgen mode: classic

13 EnegeticOcto the Shield-Bearer (level 2, -3/27 HPs)
             Began as a Deep Dwarf Fighter on Feb 26, 2020.
             Slain by Sigmund
             ... wielding a +0 scythe
              (7 damage)
             ... on level 2 of the Dungeon.
             The game lasted 00:00:10 (180 turns).

EnegeticOcto the Shield-Bearer (Deep Dwarf Fighter)  Turns: 180, Time: 00:00:10

Health: -3/27      AC:  6    Str: 19    XL:     2   Next: 24%
Magic:  2/2        EV:  7    Int:  8    God:
Gold:   18         SH:  9    Dex: 12    Spells: 1/1 levels left

rFire    . . .     SeeInvis .   a - +0 war axe
rCold    . . .     Gourm    .   c - +0 kite shield
rNeg     . . .     Faith    .   b - +0 scale mail
rPois    .         Spirit   .   (no helmet)
rElec    .         Reflect  .   (no cloak)
rCorr    .         Harm     .   (no gloves)
MR       .....                  (no boots)
Stlth    ..........             (no amulet)
HPRegen  0.00/turn              (no ring)
MPRegen  0.08/turn              (no ring)

@: non-regenerating
A: damage resistance, heal wounds, sense surroundings 1, no regeneration
a: Heal Wounds


You were on level 2 of the Dungeon.
You were not hungry.

You visited 1 branch of the dungeon, and saw 2 of its levels.

You collected 18 gold pieces.

Inventory:

Hand Weapons
 a - a +0 war axe (weapon)
Armour
 b - a +0 scale mail (worn)
 c - a +0 kite shield (worn)
Jewellery
 g - a cursed ring of ice {unknown}
Potions
 f - a potion of haste {unknown}
 k - a potion of might {@q3}
Comestibles
 d - 4 chunks of flesh
 e - 2 rations


   Skills:
 * Level 2.9 Fighting
 * Level 2.5 Axes
 + Level 3.3 Armour
 + Level 0.4 Dodging
 + Level 3.4 Shields


You had one spell level left.
You didn't know any spells.
Your spell library was empty.

Dungeon Overview and Level Annotations

Branches:
Dungeon (2/15)

Altars:

Annotations:
D:2 Sigmund


Innate Abilities, Weirdness & Mutations

You are resistant to damage.
You can heal yourself by infusing magical energy.
You passively map a small area around you.
You do not regenerate.


Message History

d - 3 chunks of flesh (gained 1)
Things that are here:
a +0 short sword; a frilled lizard skeleton
Things that are here:
a +0 short sword; a frilled lizard skeleton You butcher the rat corpse.
d - 4 chunks of flesh (gained 1)
You see here a rat skeleton. x2
Found a stone staircase leading down.
A hobgoblin comes into view. It is wielding a +0 club.
The hobgoblin shouts!
A hobgoblin is nearby!
A hobgoblin is nearby!
A hobgoblin is nearby!
You block the hobgoblin's attack.
You hit the hobgoblin.
The hobgoblin is moderately wounded.
You block the hobgoblin's attack.
You hit the hobgoblin.
You kill the hobgoblin!
You have reached level 2!
(D) Dungeon
Where to? (? - help)
There is a stone staircase leading down here.
You climb downwards.
There is a stone staircase leading up here.
No target in view!
No target in view!
No target in view!
No target in view!
No target in view!
No target in view!
You now have 18 gold pieces (gained 4).
Found a scale mail.
Found a short sword. 3 jackals, a kobold and Sigmund come into view.
Sigmund shouts!
The jackal barks! x2; The kobold shouts!
The kobold throws a stone.
The stone hits you.
The jackal moves out of view.
Found a scale mail and 13 arrows.
You see here a stone.
There are monsters nearby!
A jackal comes into view.
The jackal barks!
Sigmund hits you from afar with a +0 scythe!
The kobold throws a stone.
The stone barely misses you.
The jackal moves out of view.
The kobold hits you but does no damage.
You closely miss Sigmund. You hit the kobold.
Sigmund points at you and mumbles some strange words.
You are confused.
The jackal bites you. The kobold closely misses you.
Sigmund mumbles some strange words.
Sigmund flickers and vanishes!
Deactivating autopickup; reactivate with Ctrl-A.
You are too confused!
You are too confused!
You are too confused!
You are too confused!
You are too confused!
You are too confused!
There are monsters nearby!
You're too confused!
You barely miss something. You hit the kobold.
You kill the kobold!
You miss the jackal. x2; The jackal bites you.
The jackal bites you but does no damage. x3
Something hits you. The jackal completely misses you.
You barely miss the jackal. You hit the jackal.
You kill the jackal!
You barely miss something. You miss the jackal.
The jackal bites you but does no damage.
The jackal barely misses you.
The jackal bites you but does no damage. x3
Something hits you.
You completely miss the jackal. You barely miss something.
Your shield prevents you from hitting the jackal.
You slash the jackal!
You kill the jackal!
The jackal closely misses you.
The jackal bites you but does no damage. x3
Something hits you!
* * * LOW HITPOINT WARNING * * *
You bump into the rock wall.
The jackal bites you but does no damage. x2
The jackal bites you.
The jackal bites you but does no damage.
You miss the jackal. You hit the jackal but do no damage. You miss something.
You feel less confused.
You hear some strange, mumbled words.
A magic dart appears from out of thin air!
The magic dart hits you.
* * * LOW HITPOINT WARNING * * *
You block the jackal's attack.
The jackal bites you but does no damage.
Something hits you but does no damage.
The jackal bites you but does no damage. x2
You fail to use your ability.
You block the jackal's attack. x2
You fail to use your ability.
You block the jackal's attack. Something hits you!
You die...

......., *.....# ...
#..#.########.....# ...#
................(.#....#
#..#..............#....#
#..#########............
*
#..#########.###[.#.....
#..............(.....#..
#<##########.###h.#...[.
### #.# #@h...## #.#
#){.).# #.# #.##### * *
#.# #.# ,, ..# #.# * *
## #.# , #.# #.# * *


You could see 2 jackals.

Vanquished Creatures
  3 hobgoblins (D:1)
  2 jackals (D:2)
  2 kobolds
  A bat (D:1)
  3 frilled lizards (D:1)
  A rat (D:1)
12 creatures vanquished.

Notes
Turn   | Place    | Note
-------+----------+-------------------------------------------
     0 | D:1      | EnegeticOcto the Deep Dwarf Fighter began the quest for the
                  | Orb.
     0 | D:1      | Reached XP level 1. HP: 20/20 MP: 1/1
   137 | D:1      | Reached XP level 2. HP: 25/27 MP: 2/2
   170 | D:2      | Noticed Sigmund
   180 | D:2      | Slain by Sigmund

Levels and vault maps discovered:
D:1:      minmay_arrival_glassed_features, layout_loops_ring,
          minmay_tetromino_l4
D:2:      layout_basic, minmay_misc_feat_five, uniq_robin, uniq_sigmund

Action                   || total
-------------------------++-------
Melee: War axe           ||    29
Armor: Scale mail        ||    32
Dodge: Dodged            ||    11
Block: Kite shield       ||    17

Table legend:
 A = Non-vault XP
 B = Vault XP
 C = Vault XP percentage of total XP
 D = Non-vault monster count
 E = Vault monster count
 F = Vault count percentage of total count
                 A         B        C        D         E       F
            +---------+---------+-------+---------+---------+-------
      Total |      19 |       0 |   0.0 |      12 |       0 |   0.0
            +---------+---------+-------+---------+---------+-------
        D:1 |      13 |       0 |   0.0 |       9 |       0 |   0.0
        D:2 |       6 |       0 |   0.0 |       3 |       0 |   0.0
            +---------+---------+-------+---------+---------+-------
